Map: King's Cove LE

Players

HeRoMaRinE - Winner!

  • Race: Terran Terran
  • Spawn Location: 5:00

Elazer

  • Race: Zerg Zerg
  • Spawn Location: 11:00

Event: 2019 WCS Summer

VOD

Have the link to the VOD?

Description

Time

  • Played on: July 12, 2019, 2:31 p.m.
  • Length: 21:58

All games in this series

Show
View Real Time Build Order
Export as new Build Order

HeRoMaRinE Terran - Winner!

Build Orders: Gas First Reaper Expand, Hellion Banshee 

Get SALT Encoding   

  12  0:00  SCV  
  13  0:12  SCV  
  14  0:17  Supply Depot  
  14  0:25  SCV  
  15  0:28  Refinery  
  15  0:39  SCV  
  16  0:45  Barracks  
  16  0:51  SCV  
  17  1:03  SCV  
  18  1:15  SCV  
  19  1:32  Reaper  
  20  1:33  Orbital Command  
  20  1:45  Command Center  
  20  1:58  Factory  
  20  2:01  SCV  
  21  2:08  Barracks Reactor  
  21  2:13  SCV  
  22  2:17  Supply Depot  
  22  2:22  Refinery  
  22  2:25  SCV  
  23  2:38  SCV  
  23  2:43  Starport  
  24  2:50  SCV  
  29  2:51  Hellion x2  
  29  2:57  Barracks Tech Lab  
  29  3:00  Orbital Command  
  29  3:03  SCV  
  30  3:12  Hellion  
  32  3:14  Hellion  
  32  3:16  SCV  
  35  3:26  SCV  
  36  3:28  SCV, Banshee  
  40  3:37  Supply Depot  
  40  3:38  Hellion  
  44  3:41  Hellion  
  44  3:43  SCV  
  44  3:45  SCV  
  46  3:56  Cloaking Field  
  46  3:59  SCV x2  
  48  4:04  Supply Depot  
  47  4:11  SCV x2, Banshee  
  47  4:16  Hellion x2  
  54  4:22  Barracks Tech Lab  
  54  4:23  SCV x2  
  50  4:37  Command Center  
  52  4:39  Hellion x2  
  52  4:40  SCV  
  52  4:41  SCV  
  56  4:46  Supply Depot  
  56  4:47  Marine  
  56  4:51  Stimpack  
  56  4:52  SCV  
  58  4:53  SCV  
  58  4:57  Banshee  
  62  5:08  Marine  
  62  5:09  Barracks  
  62  5:11  Factory Reactor  
  62  5:12  SCV  
  64  5:14  Barracks  
  64  5:16  Supply Depot  
  64  5:19  SCV  
  65  5:25  Marine, SCV  
  65  5:26  Engineering Bay  
  65  5:28  Engineering Bay  
  67  5:31  SCV  
  64  5:37  SCV  
  61  5:43  Marine, SCV  
  61  5:49  SCV  
  61  5:52  Starport Reactor  
  61  5:54  Terran Infantry Weapons Level 1  
  61  5:55  Terran Infantry Armor Level 1  
  61  5:56  Orbital Command  
  58  5:59  Refinery  
  58  6:00  Refinery  
  58  6:03  Barracks  
  58  6:05  Marine x3  
  58  6:07  Marine  
  58  6:08  Marine, Barracks  
  62  6:13  Siege Tank  
  62  6:17  SCV  
  62  6:18  SCV  
  67  6:24  Orbital Command  
  67  6:25  Marine x2  
  67  6:26  Marine  
  67  6:28  Marine  
  67  6:29  Marine, Armory  
  67  6:30  Supply Depot  
  72  6:33  SCV x2  
  72  6:36  Medivac x2  
  78  6:43  Marine x2  
  78  6:45  SCV x2  
  82  6:47  Siege Tank  
  82  6:50  SCV, Supply Depot  
  82  6:51  Supply Depot  
  82  6:52  Barracks Reactor  
  86  6:57  Marine x2, SCV x2  
  86  6:58  Barracks Reactor  
  90  7:02  SCV  
  90  7:03  Supply Depot  
  90  7:04  Marine  
  90  7:05  Marine  
  90  7:08  Marine  
  94  7:09  SCV x2  
  94  7:14  SCV  
  94  7:15  Marine x2, Combat Shield  
  99  7:21  SCV  
  99  7:22  Marine, SCV, Siege Tank  
  105  7:26  Marine x2  
  105  7:27  Supply Depot x2  
  107  7:32  Marine, SCV  
  107  7:33  SCV  
  107  7:34  SCV  
  110  7:39  Marine x2  
  110  7:40  Marine x2  
  110  7:44  Marine x3  
  114  7:45  Marine  
  114  7:46  Medivac x2  
  114  7:48  Refinery  
  114  7:50  Marine  
  124  7:51  Refinery  
  124  7:56  Supply Depot  
  124  7:57  SCV x2  
  125  7:58  SCV  
  125  7:59  Terran Infantry Weapons Level 2  
  125  8:01  Marine x2  
  125  8:04  Marine  
  125  8:05  Marine x2  
  131  8:06  Marine x2  
  131  8:07  Marine  
  134  8:14  Siege Tank  
  134  8:19  SCV x2  
  139  8:21  Factory  
  139  8:22  Marine x2  
  139  8:23  Supply Depot  
  139  8:24  Marine x2  
  139  8:25  Marine  
  139  8:26  Bunker  
  144  8:27  Marine x2  
  144  8:30  Marine  
  144  8:31  Marine  
  148  8:39  Marine  
  149  8:42  Medivac  
  149  8:43  Medivac  
  149  8:46  Marine x4  
  148  8:53  Marine x3  
  150  9:01  Command Center  
  150  9:02  Marine x2, Siege Tank  
  155  9:06  Marine x2  
  155  9:07  Marine  
  155  9:09  Marine  
  147  9:11  Marine x3  
  147  9:12  Medivac  
  147  9:13  Medivac  
  147  9:16  Factory Tech Lab  
  151  9:19  Marine  
  151  9:20  Marine  
  128  9:24  Marine x2  
  128  9:25  Marine  
  128  9:26  Marine  
  128  9:28  Marine x2  
  128  9:29  Marine  
  127  9:34  Siege Tank  
  127  9:36  Terran Infantry Armor Level 2  
  127  9:37  Marine x2  
  127  9:38  Terran Vehicle And Ship Armor Level 1  
  132  9:39  Barracks  
  132  9:43  Marine  
  132  9:44  Barracks  
  133  9:45  Barracks  
  133  9:46  Marine x2  
  133  9:50  Marine  
  133  9:52  Supply Depot  
  136  9:53  Supply Depot  
  136  9:57  Marine x2  
  136  9:59  Marine  
  138  10:00  Marine  
  138  10:02  Marine  
  138  10:03  Siege Tank  
  138  10:06  Sensor Tower, Siege Tank  
  138  10:07  Marine x2  
  147  10:14  Marauder, SCV x3  
  154  10:25  Marine  
  154  10:26  Marine x2, SCV x3, Barracks Tech Lab  
  154  10:28  Terran Infantry Weapons Level 3  
  160  10:33  Planetary Fortress  
  160  10:34  Refinery x2, Barracks Tech Lab x2  
  160  10:35  Marauder  
  162  10:36  Siege Tank  
  162  10:40  Siege Tank  
  168  10:49  Marauder  
  170  10:50  Concussive Shells  
  170  10:56  Marauder  
  172  10:58  Marine x2, Marauder  
  172  10:59  Marine x6  
  182  11:08  Siege Tank  
  185  11:13  Marauder  
  185  11:15  Starport  
  185  11:16  Fusion Core, Starport  
  187  11:18  Supply Depot  
  187  11:19  Marauder  
  187  11:22  Marauder  
  186  11:42  Terran Vehicle And Ship Armor Level 2  
  186  11:48  Ghost Academy, Liberator x2  
  186  11:50  Marauder x2, Command Center  
  190  11:56  Marauder  
  190  11:57  Command Center  
  190  11:58  Marine x3  
  187  12:03  Marauder  
  187  12:05  Command Center  
  167  12:11  Marine x2, Marauder x2  
  164  12:18  Starport Reactor, Starport Tech Lab  
  164  12:20  Liberator  
  155  12:23  Marine x2, Marauder  
  155  12:24  Marine x4, Marauder  
  155  12:28  Marine  
  160  12:31  Liberator  
  160  12:35  Marauder  
  160  12:36  Marauder  
  160  12:37  Advanced Ballistics  
  154  12:38  Liberator x2  
  157  12:45  Siege Tank x2  
  157  12:50  Medivac  
  174  12:58  Terran Infantry Armor Level 3  
  174  13:06  Marine, Marauder  
  174  13:08  Marine x3  
  174  13:10  Marauder  
  174  13:12  Marine x3  
  140  13:20  Marine x2, Medivac  
  140  13:21  Liberator x2  
  140  13:24  Marine, Marauder  
  140  13:26  Marine  
  137  13:28  Marine x2  
  137  13:30  Marine  
  136  13:34  Medivac x2  
  147  13:42  SCV x3  
  147  13:43  SCV, Liberator  
  149  13:52  Siege Tank  
  149  13:54  Command Center  
  149  13:55  Siege Tank  
  158  14:03  Liberator  
  158  14:04  Marauder  
  158  14:07  Marauder x2, Liberator  
  158  14:08  Marauder, Liberator  
  166  14:10  Marine  
  166  14:14  Marine x2  
  169  14:17  Marine x2  
  167  14:25  Marauder, Siege Tank  
  167  14:26  Marine x2  
  167  14:27  Marine  
  167  14:29  Marine  
  162  14:33  Marine, Marauder  
  162  14:37  Marine, Marauder  
  168  14:40  Liberator  
  168  14:49  Marauder  
  168  14:50  Marine x2  
  168  14:51  Marine x2  
  176  14:52  Marine  
  176  14:53  Marine x2  
  176  14:57  Marauder, Liberator x2  
  182  15:03  Marauder  
  171  15:09  Marauder  
  171  15:12  Marine  
  158  15:15  Marauder  
  158  15:17  Marine  
  158  15:18  Marauder  
  158  15:19  Marine  
  158  15:20  Marine  
  169  15:22  Marine  
  169  15:25  Marauder  
  169  15:28  Marine x3  
  173  15:38  Marine x2  
  173  15:39  Marine x3  
  173  15:40  Marine x2  
  173  15:41  Marine  
  178  15:46  Marine  
  178  15:49  Marine x2  
  181  15:51  Widow Mine x2  
  181  15:55  Marauder  
  181  15:56  Marine x2  
  189  15:58  Marine  
  189  16:00  Marine  
  189  16:03  Marine  
  189  16:04  Marine  
  171  16:08  Marine x2  
  160  16:11  Marine  
  160  16:15  Marine  
  153  16:18  Marine  
  153  16:19  Liberator x2  
  153  16:20  Marine  
  153  16:22  Marine  
  162  16:47  Marine, Marauder  
  162  16:50  Marine x2  
  162  16:52  Marauder x2  
  162  16:53  Marine x2  
  167  16:59  Liberator  
  167  17:06  Marine x2, Marauder, Liberator  
  167  17:07  Marine x2  
  167  17:08  Marine x2  
  137  17:17  Marauder  
  126  17:24  Marauder x2  
  126  17:27  Marauder  
  114  17:40  Marauder  
  114  17:42  Marine x3  
  114  17:45  Marauder  
  114  17:46  Marine, Planetary Fortress  
  114  17:49  Marine x2  
  118  17:54  Marauder, SCV  
  118  18:00  Marine, Marauder  
  120  18:07  Marine x3  
  120  18:08  Marine x2  
  120  18:09  Marine  
  120  18:11  Liberator  
  120  18:12  SCV, Liberator  
  127  18:13  SCV  
  127  18:14  SCV  
  127  18:17  Liberator  
  127  18:19  Medivac x2  
  136  18:28  Refinery  
  142  18:44  Marauder x2  
  142  18:48  Marauder x2  
  150  18:49  Medivac x2  
  150  18:54  Liberator  
  154  18:57  Supply Depot x2  
  154  18:59  Supply Depot  
  154  19:03  Drilling Claws  
  154  19:04  Widow Mine x2  
  158  19:12  Marauder  
  158  19:13  Marauder x3  
  158  19:14  Liberator  
  168  19:19  Liberator  
  168  19:20  Missile Turret x2  
  168  19:22  Liberator  
  168  19:24  Missile Turret  
  168  19:27  Liberator  
  168  19:32  Widow Mine x2  
  168  19:34  Marauder  
  168  19:37  Liberator  
  186  19:50  Refinery x2  
  186  19:57  Marauder  
  191  20:02  Marauder  
  193  20:07  Marauder  
  195  20:29  Marauder  
  195  20:30  Marauder, Liberator  
  195  20:31  Widow Mine x2  
  195  20:35  Marauder x2  
  185  20:36  Marine x2  
  185  20:37  Marine  
  185  20:38  Marine x2  
  185  20:40  Marine x3  
  184  20:51  Marauder  
  184  20:54  Marauder  
  184  20:56  Medivac  
  190  20:58  Marauder  
  190  20:59  Marauder  
  190  21:01  Marine  
  180  21:12  Marauder  
  180  21:14  Marine  
  180  21:15  Marine x3, Marauder  
  180  21:18  Marine x2  
  185  21:27  Medivac x2  
  185  21:31  Marauder  
  185  21:32  Marine x2  
  185  21:35  Marine  
  185  21:38  Marine x2  
  185  21:39  Marine  
Show
View Real Time Build Order
Export as new Build Order

Elazer Zerg 

Build Orders: Hatch First 

Get SALT Encoding   

  12  0:00  Drone  
  13  0:12  Overlord  
  13  0:17  Drone  
  14  0:30  Drone x2  
  16  0:48  Hatchery  
  15  0:51  Drone  
  15  0:55  Drone  
  17  0:59  Drone  
  18  1:09  Extractor  
  17  1:14  Spawning Pool  
  17  1:17  Drone  
  17  1:21  Drone  
  18  1:32  Drone  
  19  1:39  Drone  
  20  1:49  Drone  
  21  2:00  Queen x2  
  21  2:01  Zergling x4  
  27  2:16  Hatchery  
  27  2:21  Overlord  
  26  2:24  Drone  
  26  2:26  Drone  
  28  2:39  Drone x3  
  28  2:42  Queen  
  33  2:47  Overlord  
  33  2:51  Drone  
  34  2:55  Metabolic Boost  
  34  2:58  Drone  
  34  3:00  Drone  
  36  3:09  Drone  
  36  3:10  Drone x3  
  36  3:11  Drone  
  41  3:17  Drone  
  41  3:18  Overlord  
  42  3:23  Queen  
  44  3:31  Queen  
  44  3:34  Drone x2  
  48  3:37  Overlord  
  48  3:41  Zergling x4  
  50  3:44  Zergling x4  
  50  3:46  Drone  
  50  3:47  Drone  
  54  3:49  Drone  
  56  3:55  Drone x3  
  56  3:56  Drone  
  56  4:01  Overlord  
  59  4:03  Drone x2  
  55  4:12  Drone x2  
  58  4:17  Drone x4  
  58  4:22  Drone  
  58  4:25  Spore Crawler  
  58  4:26  Drone  
  58  4:29  Drone x2  
  60  4:33  Spore Crawler  
  60  4:35  Drone x3  
  60  4:38  Spore Crawler  
  61  4:39  Drone  
  61  4:40  Drone  
  63  4:46  Lair  
  63  4:48  Drone x2  
  65  4:53  Queen  
  65  4:56  Queen  
  65  4:57  Drone  
  70  5:00  Drone  
  70  5:01  Baneling Nest  
  70  5:02  Drone  
  70  5:04  Drone x2  
  73  5:07  Drone  
  73  5:11  Overlord  
  74  5:18  Extractor  
  74  5:20  Zergling x2  
  74  5:21  Overlord x2  
  74  5:24  Overlord  
  72  5:28  Zergling x6  
  72  5:29  Queen  
  72  5:33  Zergling x4  
  72  5:36  Overlord  
  72  5:38  Drone x6  
  72  5:39  Drone  
  72  5:47  Overseer  
  72  5:49  Overlord  
  72  5:50  Drone x4  
  72  5:53  Drone  
  72  5:55  Drone x3  
  79  5:58  Drone  
  79  6:00  Extractor  
  79  6:02  Drone  
  80  6:05  Drone  
  80  6:10  Centrifical Hooks  
  81  6:13  Evolution Chamber  
  81  6:14  Extractor, Drone x3  
  81  6:15  Evolution Chamber  
  81  6:17  Queen  
  83  6:19  Drone  
  83  6:20  Drone, Hatchery  
  83  6:22  Drone x2  
  86  6:26  Drone x2  
  86  6:29  Overlord  
  91  6:32  Drone x3  
  91  6:34  Drone x3  
  91  6:37  Extractor x2, Overlord  
  91  6:39  Drone  
  92  6:43  Zerg Melee Weapons Level 1, Zerg Ground Armor Level 1  
  92  6:44  Zergling x2  
  92  6:45  Baneling x2  
  93  6:48  Overlord  
  93  6:52  Overlord  
  93  6:56  Hydralisk Den  
  93  6:58  Zergling x10  
  97  7:02  Zergling x10  
  97  7:03  Zergling x2  
  97  7:08  Overlord  
  103  7:10  Zergling x2  
  103  7:19  Drone, Overlord  
  103  7:22  Infestation Pit, Baneling x7  
  103  7:24  Overlord  
  103  7:25  Zergling x2  
  103  7:26  Zergling x8  
  107  7:38  Overlord  
  107  7:39  Drone x4  
  107  7:40  Zergling x6  
  113  7:47  Drone x3, Overlord, Muscular Augments  
  116  7:59  Drone x7  
  116  8:02  Hatchery  
  116  8:03  Hive  
  116  8:04  Drone x2  
  116  8:05  Baneling x3  
  124  8:07  Drone  
  124  8:09  Pneumatized Carapace  
  124  8:12  Overlord  
  125  8:16  Extractor, Overlord  
  125  8:17  Drone x4  
  126  8:21  Overlord  
  126  8:23  Overlord  
  124  8:29  Overlord  
  124  8:33  Hydralisk x5  
  134  8:38  Baneling x2  
  134  8:42  Zergling x6  
  134  8:45  Zergling x6  
  131  8:52  Baneling x13, Queen  
  131  8:53  Zergling x6  
  132  8:56  Zergling x4  
  132  8:57  Zergling x6  
  137  9:03  Zergling x14  
  137  9:06  Zergling x4  
  143  9:22  Zergling x16  
  129  9:30  Zerg Melee Weapons Level 2, Zerg Ground Armor Level 2  
  127  9:31  Overlord  
  127  9:33  Adrenal Glands  
  127  9:34  Ultralisk Cavern  
  127  9:35  Drone x6  
  127  9:37  Drone x4  
  136  9:43  Overlord  
  136  9:44  Viper x3  
  145  9:48  Zergling x8  
  145  9:49  Baneling x4  
  149  9:55  Overlord  
  149  9:59  Zergling x8  
  153  10:01  Grooved Spines  
  153  10:06  Extractor, Spore Crawler  
  153  10:07  Spore Crawler  
  150  10:09  Spore Crawler  
  150  10:10  Spore Crawler  
  150  10:11  Hydralisk, Drone x3  
  150  10:12  Hydralisk x2  
  150  10:13  Hydralisk  
  159  10:17  Burrow  
  159  10:18  Hydralisk x2  
  163  10:23  Hydralisk x3  
  163  10:26  Zergling x8  
  173  10:32  Zergling x2  
  173  10:33  Zergling x14  
  181  10:37  Chitinous Plating  
  181  10:47  Spore Crawler, Overlord  
  180  10:50  Spore Crawler, Ultralisk  
  180  10:51  Spore Crawler  
  196  10:57  Ultralisk x2  
  196  11:07  Spire  
  196  11:10  Spore Crawler  
  194  11:11  Ultralisk  
  200  11:19  Overseer x2  
  190  11:42  Baneling  
  190  11:43  Baneling x5  
  190  11:44  Baneling x7  
  190  11:55  Anabolic Synthesis  
  190  11:56  Baneling x4  
  190  11:57  Nydus Network  
  190  11:58  Nydus Network, Zergling x24  
  190  12:00  Hatchery  
  179  12:10  Ultralisk, Zergling x2  
  179  12:11  Zergling x28  
  194  12:19  Zergling x12  
  200  12:29  Zergling x30  
  198  12:39  Zerg Ground Armor Level 3, Zerg Melee Weapons Level 3  
  198  12:40  Drone x2  
  198  12:41  Baneling x3  
  198  12:42  Baneling x7  
  198  12:52  Nydus Canal x2  
  198  12:59  Zergling x4  
  198  13:02  Baneling x12  
  169  13:16  Zergling x8  
  169  13:17  Zergling x14  
  169  13:18  Ultralisk  
  169  13:19  Nydus Canal  
  165  13:21  Nydus Canal  
  151  13:29  Ultralisk, Zergling x32  
  151  13:31  Nydus Canal  
  151  13:33  Queen  
  173  13:39  Ultralisk  
  179  13:41  Zergling x2  
  179  13:42  Zergling x8  
  179  13:45  Nydus Canal  
  179  13:47  Zergling x2  
  179  13:48  Zergling x2  
  186  13:55  Ultralisk  
  192  13:58  Ultralisk, Zergling x2  
  192  13:59  Zergling x2  
  199  14:06  Baneling x7  
  199  14:09  Nydus Canal  
  199  14:12  Zergling x2  
  199  14:13  Zergling x2  
  132  14:32  Ultralisk x2, Zergling x40  
  132  14:37  Extractor x2  
  159  14:39  Zergling x4  
  161  14:47  Zergling x10  
  161  14:50  Corruptor x4  
  174  14:54  Baneling x6  
  174  14:58  Corruptor  
  175  15:07  Zergling x18  
  155  15:12  Corruptor x2  
  151  15:17  Zergling x8  
  155  15:25  Corruptor x2  
  153  15:29  Zerg Missile Weapons Level 1, Pathogen Glands  
  153  15:31  Zergling x6  
  156  15:42  Corruptor x3  
  162  15:44  Zergling x8  
  163  15:58  Zergling x24  
  157  16:07  Ultralisk, Zergling x4  
  160  16:13  Zergling x2  
  160  16:14  Zergling x10  
  157  16:20  Overlord  
  156  16:32  Baneling x9  
  156  16:33  Ultralisk  
  162  16:48  Hatchery  
  162  16:49  Corruptor x4  
  167  17:06  Zergling x28  
  153  17:12  Zergling x2  
  140  17:20  Ultralisk x2, Zergling x4  
  136  17:32  Infestor x5  
  140  17:45  Nydus Canal  
  140  17:48  Infestor x2  
  140  17:49  Infestor  
  146  17:56  Infestor x2  
  146  17:57  Hatchery  
  145  18:17  Infestor x2  
  145  18:18  Infestor x4  
  157  18:21  Queen  
  157  18:22  Queen  
  161  18:34  Hatchery  
  161  18:35  Zerg Flyer Armor Level 1  
  161  18:36  Baneling x6  
  161  18:37  Baneling  
  160  18:49  Zergling x18  
  160  18:52  Baneling x3  
  160  18:54  Zergling x2  
  170  19:19  Extractor, Spore Crawler  
  170  19:20  Drone x2  
  170  19:21  Spore Crawler, Drone x3  
  170  19:22  Spore Crawler  
  171  19:25  Zerg Missile Weapons Level 2  
  171  19:33  Zergling x22  
  182  19:51  Drone x7  
  189  19:53  Spore Crawler  
  189  19:54  Spore Crawler  
  189  19:55  Spore Crawler  
  186  20:00  Baneling x4  
  186  20:02  Spire  
  186  20:03  Zergling x16  
  192  20:14  Zergling x2  
  192  20:16  Overlord  
  192  20:24  Overlord x2  
  181  20:41  Corruptor x5  
  184  20:43  Infestor x4  
  194  20:51  Extractor  
  194  20:52  Extractor  
  192  20:58  Spore Crawler  
  192  21:02  Spore Crawler  
  185  21:06  Corruptor x2  
  185  21:07  Corruptor x2  
  164  21:19  Zergling x24  
  164  21:24  Baneling x5  
  164  21:25  Baneling x4  
  159  21:32  Zergling x2  
  159  21:33  Zergling x10  
Tags
 
Add a new tag
Caveats
  • Supply blocks, unpowered buildings, or Contaminate may cause inaccurate times.
  • Supply counts are checked every 10 seconds.